EVO
OKLAHOMA STATE UNIVERSITY COWBOYS @ UNIVERSITY OF CALIFORNIA GOLDEN BEARS
09/27/2044
 
TOP OF THE 1ST
Oklahoma State University Cowboys batting - Pitching for University of California Golden Bears : RHP Jeremy Trotter
Pitching: RHP Jeremy Trotter
Batting: RHB Josh Hopp 0-0: Ball
1-0: Bunt for hit to 2R - play at first, batter OUT! 2-3
Batting: LHB Orlando Rivera 0-0: Ground out 4-3 (Groundball, 4, EV 83.1 MPH)
Batting: RHB Kinzo Yokoyama 0-0: Called Strike
0-1: Ball
1-1: Foul Ball, location: 2F
1-2: Ball
2-2: Foul Ball, location: 2F
2-2: Foul Ball, location: 2F
2-2: Ball
3-2: SINGLE (Flyball, 89S, EV 89.4 MPH)
Batting: LHB John Fortin 0-0: Foul Ball, location: 2F
0-1: Ball
1-1: Swinging Strike
1-2: Ball
2-2: Ground out 4-3 (Groundball, 4, EV 89.4 MPH)
Top of the 1st over - 0 runs, 1 hit, 0 errors, 1 left on base; Oklahoma State University 0 - University of California 0
BOTTOM OF THE 1ST
University of California Golden Bears batting - Pitching for Oklahoma State University Cowboys : RHP Nesty Pulido
Pitching: RHP Nesty Pulido
Batting: RHB Timoleon Tsikouna 0-0: Ball
1-0: Ball
2-0: Ball
3-0: Called Strike
3-1: Swinging Strike
3-2: Foul Ball, location: 2F
3-2: Ground out 5-3 (Groundball, 56S, EV 91.2 MPH)
Batting: RHB Ryan Roberts 0-0: Ball
1-0: Fly out, F8 (Flyball, 8LD, EV 91.2 MPH)
Batting: RHB Tony Harper 0-0: Ball
1-0: Called Strike
1-1: Ball
2-1: Ground out 6-3 (Groundball, 6, EV 81.9 MPH)
Bottom of the 1st over - 0 runs, 0 hits, 0 errors, 0 left on base; Oklahoma State University 0 - University of California 0
TOP OF THE 2ND
Oklahoma State University Cowboys batting - Pitching for University of California Golden Bears : RHP Jeremy Trotter
Batting: RHB Robbie Gomez 0-0: Ball
1-0: Ball
2-0: Foul Ball, location: 2F
2-1: Ball
3-1: Base on Balls
Batting: SHB Chris Wagler 0-0: Ball
1-0: Grounds into double play, 6-4-3 (Groundball, 6, EV 83.1 MPH)
Batting: RHB Wiliama Dana 0-0: Called Strike
0-1: Ball
1-1: Foul Ball, location: 2F
1-2: Fly out, F8 (Flyball, 8RS, EV 91.9 MPH)
Top of the 2nd over - 0 runs, 0 hits, 0 errors, 0 left on base; Oklahoma State University 0 - University of California 0
BOTTOM OF THE 2ND
University of California Golden Bears batting - Pitching for Oklahoma State University Cowboys : RHP Nesty Pulido
Batting: RHB Tommy Hunter 0-0: Fly out, F9 (Line Drive, 9, EV 101.9 MPH)
Batting: RHB Mike Gangi 0-0: Reached on error, E6 (Groundball, 6, EV 88.1 MPH)
Batting: LHB Dean Luttman 0-0: Ball
1-0: Ball
2-0: Foul Ball, location: 2F
2-1: Foul Ball, location: 2F
2-2: Ball
3-2: Foul Ball, location: 2F
3-2: Fly out, F7 (Flyball, 7, EV 81.9 MPH)
Batting: RHB Dan Myers 0-0: Ball
1-0: Fly out, F9 (Flyball, 9LD, EV 94.4 MPH)
Bottom of the 2nd over - 0 runs, 0 hits, 1 error, 1 left on base; Oklahoma State University 0 - University of California 0
TOP OF THE 3RD
Oklahoma State University Cowboys batting - Pitching for University of California Golden Bears : RHP Jeremy Trotter
Batting: RHB Larry Clark 0-0: Ball
1-0: Foul Ball, location: 2F
1-1: Fly out, F9 (Flyball, 89S, EV 78.1 MPH)
Batting: SHB Greg Shaw 0-0: Called Strike
0-1: Ball
1-1: Called Strike
1-2: Strikes out swinging
Batting: RHB Josh Hopp 0-0: Called Strike
0-1: Ball
1-1: Ball
2-1: Ball
3-1: Swinging Strike
3-2: Foul Ball, location: 2F
3-2: Foul Ball, location: 2F
3-2: Strikes out swinging
Top of the 3rd over - 0 runs, 0 hits, 0 errors, 0 left on base; Oklahoma State University 0 - University of California 0
BOTTOM OF THE 3RD
University of California Golden Bears batting - Pitching for Oklahoma State University Cowboys : RHP Nesty Pulido
Batting: SHB Javon Mitchell 0-0: Ground out 4-3 (Groundball, 4, EV 102.5 MPH)
Batting: RHB Alex Cardenas 0-0: Ball
1-0: Fly out, F8 (Line Drive, 8LM, EV 95.6 MPH)
Batting: RHB Timoleon Tsikouna 0-0: Called Strike
0-1: Foul Ball, location: 2F
0-2: Strikes out looking
Bottom of the 3rd over - 0 runs, 0 hits, 0 errors, 0 left on base; Oklahoma State University 0 - University of California 0
TOP OF THE 4TH
Oklahoma State University Cowboys batting - Pitching for University of California Golden Bears : RHP Jeremy Trotter
Batting: LHB Orlando Rivera 0-0: DOUBLE (Flyball, 78D, EV 100.6 MPH)
Batting: RHB Kinzo Yokoyama 0-0: Foul Ball, location: 2F
0-1: Ball
1-1: SINGLE (Groundball, 56D, EV 100.0 MPH)
Orlando Rivera to third
Batting: LHB John Fortin 0-0: Ball
1-0: Ball
2-0: Ball
3-0: Called Strike
3-1: Called Strike
3-2: Foul Ball, location: 2F
3-2: Strikes out swinging
Batting: RHB Robbie Gomez 0-0: Called Strike
0-1: Foul Ball, location: 2F
0-2: Foul Ball, location: 2F
0-2: Strikes out swinging
Batting: SHB Chris Wagler 0-0: Ball
1-0: DOUBLE (Flyball, 78XD, EV 106.9 MPH)
Orlando Rivera scores
Kinzo Yokoyama to third
Batting: RHB Wiliama Dana 0-0: Ball
1-0: Swinging Strike
1-1: Ball
2-1: Foul Ball, location: 2F
2-2: Strikes out swinging
Top of the 4th over - 1 run, 3 hits, 0 errors, 2 left on base; Oklahoma State University 1 - University of California 0
BOTTOM OF THE 4TH
University of California Golden Bears batting - Pitching for Oklahoma State University Cowboys : RHP Nesty Pulido
Batting: RHB Ryan Roberts 0-0: Fly out, F7 (Flyball, 78D, EV 105.6 MPH)
Batting: RHB Tony Harper 0-0: Ball
1-0: Fly out, F6 (Popup, 6, EV 63.1 MPH)
Batting: RHB Tommy Hunter 0-0: Ball
1-0: Ball
2-0: Foul Ball, location: 2F
2-1: Foul Ball, location: 2F
2-2: Fly out, F9 (Line Drive, 9, EV 95.6 MPH)
Bottom of the 4th over - 0 runs, 0 hits, 0 errors, 0 left on base; Oklahoma State University 1 - University of California 0
TOP OF THE 5TH
Oklahoma State University Cowboys batting - Pitching for University of California Golden Bears : RHP Jeremy Trotter
Batting: RHB Larry Clark 0-0: Ground out 6-3 (Groundball, 6, EV 86.9 MPH)
Batting: SHB Greg Shaw 0-0: Ball
1-0: Ball
2-0: Ball
3-0: Called Strike
3-1: Base on Balls
Batting: RHB Josh Hopp 0-0: Called Strike
0-1: Ball
1-1: Ball
2-1: Ball
3-1: Swinging Strike
3-2: 2-RUN HOME RUN (Flyball, 89XD, EV 101.2 MPH), Distance : 414 ft
Pitching: RHP Jordan Viveros
Batting: LHB Orlando Rivera 0-0: Ball
1-0: Ball
2-0: Called Strike
2-1: Called Strike
2-2: Foul Ball, location: 2F
2-2: Foul Ball, location: 2F
2-2: Strikes out swinging
Batting: RHB Kinzo Yokoyama 0-0: Ball
1-0: Called Strike
1-1: SINGLE (Flyball, 9S, EV 93.1 MPH) - OUT at second base trying to stretch hit.
Top of the 5th over - 2 runs, 2 hits, 0 errors, 0 left on base; Oklahoma State University 3 - University of California 0
BOTTOM OF THE 5TH
University of California Golden Bears batting - Pitching for Oklahoma State University Cowboys : RHP Nesty Pulido
Batting: RHB Mike Gangi 0-0: Called Strike
0-1: Called Strike
0-2: Foul Ball, location: 2F
0-2: Ball
1-2: SINGLE (Groundball, 6MD, EV 96.2 MPH)
Batting: LHB Dean Luttman 0-0: Bunted foul
0-1: Sac Bunt to 3S - play at first, batter OUT! 3-4
Mike Gangi to second
Batting: RHB Dan Myers 0-0: Ball
1-0: Fly out, F9 (Line Drive, 9, EV 88.8 MPH)
Batting: SHB Javon Mitchell 0-0: Called Strike
0-1: Ball
1-1: Ball
Wild Pitch!
Mike Gangi to third
2-1: Ball
3-1: Foul Ball, location: 2F
3-2: Strikes out looking
Bottom of the 5th over - 0 runs, 1 hit, 0 errors, 1 left on base; Oklahoma State University 3 - University of California 0
TOP OF THE 6TH
Oklahoma State University Cowboys batting - Pitching for University of California Golden Bears : RHP Jordan Viveros
Batting: LHB John Fortin 0-0: Ball
1-0: Ball
2-0: Called Strike
2-1: Foul Ball, location: 2F
2-2: Foul Ball, location: 2F
2-2: Foul Ball, location: 2F
2-2: Ball
3-2: Base on Balls
Batting: RHB Robbie Gomez 0-0: Ball
1-0: Called Strike
1-1: 2-RUN HOME RUN (Flyball, 78XD, EV 100.6 MPH), Distance : 398 ft
Batting: SHB Chris Wagler 0-0: Ground out 6-3 (Groundball, 6, EV 102.5 MPH)
Batting: RHB Wiliama Dana 0-0: Called Strike
0-1: Ball
1-1: Called Strike
1-2: Ball
2-2: Ball
3-2: Strikes out looking
Pitching: RHP Miguel Montelongo
Batting: RHB Larry Clark 0-0: Fly out, F9 (Flyball, 89S, EV 75.6 MPH)
Top of the 6th over - 2 runs, 1 hit, 0 errors, 0 left on base; Oklahoma State University 5 - University of California 0
BOTTOM OF THE 6TH
University of California Golden Bears batting - Pitching for Oklahoma State University Cowboys : RHP Nesty Pulido
Batting: RHB Alex Cardenas 0-0: Ball
1-0: Foul Ball, location: 2F
1-1: Fly out, F7 (Flyball, 78M, EV 80.6 MPH)
Batting: RHB Timoleon Tsikouna 0-0: Foul Ball, location: 2F
0-1: Ball
1-1: Called Strike
1-2: Ball
2-2: Fly out, F7 (Flyball, 78S, EV 83.1 MPH)
Batting: RHB Ryan Roberts 0-0: Ground out 6-3 (Groundball, 6, EV 88.8 MPH)
Bottom of the 6th over - 0 runs, 0 hits, 0 errors, 0 left on base; Oklahoma State University 5 - University of California 0
TOP OF THE 7TH
Oklahoma State University Cowboys batting - Pitching for University of California Golden Bears : RHP Miguel Montelongo
Batting: SHB Greg Shaw 0-0: Called Strike
0-1: Ball
1-1: Swinging Strike
1-2: Foul Ball, location: 2F
1-2: Ground out 4-3 (Groundball, 4, EV 90.0 MPH)
Batting: RHB Josh Hopp 0-0: Called Strike
0-1: Ball
1-1: Swinging Strike
1-2: Foul Ball, location: 2F
1-2: Ball
2-2: Ball
3-2: Fly out, F7 (Flyball, 7LM, EV 80.6 MPH)
Batting: LHB Orlando Rivera 0-0: Called Strike
0-1: Ground out 6-3 (Groundball, 6S, EV 75.0 MPH)
Top of the 7th over - 0 runs, 0 hits, 0 errors, 0 left on base; Oklahoma State University 5 - University of California 0
BOTTOM OF THE 7TH
University of California Golden Bears batting - Pitching for Oklahoma State University Cowboys : RHP Nesty Pulido
Batting: RHB Tony Harper 0-0: Ball
1-0: Foul Ball, location: 2F
1-1: Ball
2-1: Ball
3-1: Base on Balls
Batting: RHB Tommy Hunter 0-0: Ball
1-0: Ball
2-0: Ball
3-0: Base on Balls
Tony Harper to second
Batting: RHB Mike Gangi 0-0: Swinging Strike
0-1: Foul Ball, location: 2F
0-2: Foul Ball, location: 2F
0-2: Ball
1-2: Ball
2-2: Foul Ball, location: 2F
2-2: Foul Ball, location: 2F
2-2: Ball
3-2: Foul Ball, location: 2F
3-2: Fly out, F9 (Flyball, 89S, EV 95.6 MPH)
Pitching: RHP Daniel Villalobos
Batting: LHB Dean Luttman 0-0: SINGLE (Line Drive, 34, EV 94.4 MPH)
Tony Harper to third
Tommy Hunter to second
Batting: RHB Dan Myers 0-0: Called Strike
0-1: Called Strike
0-2: Ball
1-2: Strikes out looking
Pinch Hitting: RHB Devon Dill 0-0: Ball
1-0: Foul Ball, location: 2F
1-1: Foul Ball, location: 2F
1-2: Foul Ball, location: 2F
1-2: Ball
2-2: SINGLE (Groundball, 56S, EV 66.2 MPH) (infield hit)
Tony Harper scores
Tommy Hunter to third
Dean Luttman to second
Batting: RHB Alex Cardenas 0-0: SINGLE (Groundball, 6MD, EV 96.2 MPH)
Tommy Hunter scores
Dean Luttman to third
Devon Dill to second
Batting: RHB Timoleon Tsikouna 0-0: Ball
1-0: Ball
2-0: Called Strike
2-1: Ball
3-1: Base on Balls
Dean Luttman scores
Devon Dill to third
Alex Cardenas to second
Batting: RHB Ryan Roberts 0-0: Ball
1-0: DOUBLE (Line Drive, 78D, EV 110.6 MPH)
Devon Dill scores
Alex Cardenas scores
Timoleon Tsikouna to third
Batting: RHB Tony Harper 0-0: Fly out, F3 (Popup, 34, EV 60.0 MPH)
Bottom of the 7th over - 5 runs, 4 hits, 0 errors, 2 left on base; Oklahoma State University 5 - University of California 5
TOP OF THE 8TH
Oklahoma State University Cowboys batting - Pitching for University of California Golden Bears : RHP Miguel Montelongo
Pitching: RHP Luis Astudillo
Now at 2B: Devon Dill
Batting: RHB Kinzo Yokoyama 0-0: Ball
1-0: Swinging Strike
1-1: Ball
2-1: Ball
3-1: Called Strike
3-2: Strikes out swinging
Batting: LHB John Fortin 0-0: Called Strike
0-1: Foul Ball, location: 2F
0-2: Ball
1-2: Foul Ball, location: 2F
1-2: Ball
2-2: Ball
3-2: SOLO HOME RUN (Flyball, 89XD, EV 102.5 MPH), Distance : 428 ft
Batting: RHB Robbie Gomez 0-0: Swinging Strike
0-1: Swinging Strike
0-2: Ball
1-2: Strikes out swinging
Batting: SHB Chris Wagler 0-0: Called Strike
0-1: Swinging Strike
0-2: Strikes out swinging
Top of the 8th over - 1 run, 1 hit, 0 errors, 0 left on base; Oklahoma State University 6 - University of California 5
BOTTOM OF THE 8TH
University of California Golden Bears batting - Pitching for Oklahoma State University Cowboys : RHP Daniel Villalobos
Pitching: RHP Omar Perez
Batting: RHB Tommy Hunter 0-0: Ball
1-0: Called Strike
1-1: Foul Ball, location: 2F
1-2: Reached on error, E4 (Groundball, 34, EV 85.0 MPH)
Batting: RHB Mike Gangi 0-0: Ball
1-0: Foul Ball, location: 2F
1-1: Ball
2-1: Called Strike
2-2: Ball
3-2: Ground out 3-1 (Groundball, 34S, EV 85.0 MPH)
Tommy Hunter to third
Batting: LHB Dean Luttman 0-0: Called Strike
0-1: Ball
1-1: Foul Ball, location: 2F
1-2: Ground out 4-3 (Groundball, 4S, EV 63.8 MPH)
Batting: RHB Dan Myers 0-0: Ball
1-0: SINGLE (Flyball, 4MD, EV 91.2 MPH)
Tommy Hunter scores
Batting: RHB Devon Dill 0-0: Ball
Wild Pitch!
Dan Myers to second
1-0: Ball
2-0: Called Strike
2-1: Ball
3-1: Fly out, F9 (Flyball, 9LS, EV 85.0 MPH)
Bottom of the 8th over - 1 run, 1 hit, 1 error, 1 left on base; Oklahoma State University 6 - University of California 6
TOP OF THE 9TH
Oklahoma State University Cowboys batting - Pitching for University of California Golden Bears : RHP Luis Astudillo
Pitching: RHP Nick Hodge
Pinch Hitting: LHB Ian Cranton 0-0: Ball
1-0: Ground out 5-3 (Groundball, 5, EV 89.4 MPH)
Pinch Hitting: SHB Tyler Maddux 0-0: Ball
1-0: Ground out U3 (Groundball, 3L, EV 93.1 MPH)
Batting: SHB Greg Shaw 0-0: Called Strike
0-1: Ball
1-1: Called Strike
1-2: Ball
2-2: Foul Ball, location: 2F
2-2: Foul Ball, location: 2F
2-2: Foul Ball, location: 2F
2-2: Strikes out swinging
Top of the 9th over - 0 runs, 0 hits, 0 errors, 0 left on base; Oklahoma State University 6 - University of California 6
BOTTOM OF THE 9TH
University of California Golden Bears batting - Pitching for Oklahoma State University Cowboys : RHP Omar Perez
Pitching: RHP Rickey DuMire
Now at 2B: Ed Santibanez
Now at 3B: Tyler Maddux
Now at SS: Chris Wagler
Pinch Hitting: RHB Chris Christaldi 0-0: Fly out, F6 (Popup, 6M, EV 66.2 MPH)
Batting: RHB Timoleon Tsikouna 0-0: Ball
1-0: Ball
2-0: Foul Ball, location: 2F
2-1: Foul Ball, location: 2F
2-2: Ball
3-2: Foul Ball, location: 2F
3-2: Strikes out swinging
Batting: RHB Ryan Roberts 0-0: Ball
1-0: Ball
2-0: Fly out, F7 (Line Drive, 78M, EV 101.9 MPH)
Bottom of the 9th over - 0 runs, 0 hits, 0 errors, 0 left on base; Oklahoma State University 6 - University of California 6
TOP OF THE 10TH
Oklahoma State University Cowboys batting - Pitching for University of California Golden Bears : RHP Nick Hodge
Now in LF: Dan Myers
Now in CF: Rory Cobb
Batting: RHB Josh Hopp 0-0: Ball
1-0: Called Strike
1-1: Foul Ball, location: 2F
1-2: Foul Ball, location: 2F
1-2: Strikes out swinging
Batting: LHB Orlando Rivera 0-0: Foul Ball, location: 2F
0-1: Swinging Strike
0-2: Ball
1-2: Foul Ball, location: 2F
1-2: Ball
2-2: Foul Ball, location: 2F
2-2: Ball
3-2: Foul Ball, location: 2F
3-2: Strikes out looking
Pitching: RHP Takeshi Kusanagi
Batting: RHB Kinzo Yokoyama 0-0: Called Strike
0-1: Fly out, F8 (Flyball, 8LD, EV 101.9 MPH)
Top of the 10th over - 0 runs, 0 hits, 0 errors, 0 left on base; Oklahoma State University 6 - University of California 6
BOTTOM OF THE 10TH
University of California Golden Bears batting - Pitching for Oklahoma State University Cowboys : RHP Rickey DuMire
Pitching: LHP Fadeuka Aleev
Batting: RHB Tony Harper 0-0: Foul Ball, location: 2F
0-1: Called Strike
0-2: Ball
1-2: Ball
2-2: DOUBLE (Line Drive, 5D, EV 104.4 MPH)
Batting: RHB Tommy Hunter 0-0: Called Strike
0-1: SINGLE (Flyball, 7LS, EV 87.5 MPH)
Tony Harper to third
Runner from 3rd tries for Home, SAFE, throw by LF to home
Bottom of the 10th over - 1 run, 2 hits, 0 errors, 0 left on base; Oklahoma State University 6 - University of California 7
Game Over ... University of California defeats Oklahoma State University, 7 to 6
Thursday, March 31st , 2022 - OOTP Baseball 22.12 Build 89